 Dungeon Crawl Stone Soup version 0.16.2-12-gd0ad4c3 (webtiles) character file.

93 Seneschal the Sneak (level 4, -3/42 HPs)
             Began as a Naga Assassin on Sept 22, 2015.
             Slain by a gnoll
             ... wielding a +0 spear
              (4 damage)
             ... on level 3 of the Dungeon.
             The game lasted 00:08:59 (2568 turns).

Seneschal the Sneak (Naga Assassin)                 Turns: 2568, Time: 00:09:00

Health: -3/42      AC:  5    Str: 13    XL:     4   Next: 62%
Magic:  4/4        EV: 10    Int: 11    God:
Gold:   93         SH:  0    Dex: 14    Spells: 0 memorised, 3 levels left

rFire  . . .     SeeInvis +     a - +4 dagger
rCold  . . .     Clarity  .     s - +1 robe
rNeg   . . .     SustAb   .     (no shield)
rPois  +         Gourm    .     (no helmet)
rElec  .         Spirit   .     d - +0 cloak
rCorr  .         Warding  .     (no gloves)
rMut   .         Stasis   .     (no barding)
MR     .....                    (no amulet)
Stlth  ++++......               (no ring)
                                (no ring)

@: lethally poisoned (-3 -> -13), very slow, not resistant to hostile
enchantments, stealthy
A: molten scales 1, see invisible, breathe poison, deformed body, poison
resistance, slowness 2, AC +1
a: Breathe Poison Gas


You were on level 3 of the Dungeon.
You were not hungry.

You visited 1 branch of the dungeon, and saw 3 of its levels.

You collected 119 gold pieces.

Inventory:

Hand weapons
 a - a +4 dagger (weapon)
 b - a +0 blowgun
Missiles
 e - 30 poisoned needles
 f - 2 curare-tipped needles
Armour
 c - a +0 robe
 d - a +0 cloak (worn)
 s - a +1 robe (worn)
Scrolls
 h - a scroll of random uselessness
 j - a scroll of enchant armour
 n - a scroll of identify
Books
 r - a book of the Sky

   Spells                             Type                      Level
   a - Flight                         Charms/Air                   3
   b - Airstrike                      Air                          4
   c - Silence                        Hexes/Air                    5
   d - Deflect Missiles               Charms/Air                   6
   e - Conjure Ball Lightning         Conjuration/Air              6
   f - Tornado                        Air                          9
Comestibles
 g - 2 bread rations
 l - 4 meat rations


   Skills:
 * Level 3.0 Fighting
 * Level 2.6 Short Blades
 - Level 1.7 Throwing
 * Level 2.1 Dodging
 + Level 6.4 Stealth


You had 3 spell levels left.
You didn't know any spells.

Dungeon Overview and Level Annotations

Branches:
Dungeon (3/15)

Altars:
Nemelex Xobeh


Innate Abilities, Weirdness & Mutations

You cannot wear boots.
Your serpentine skin is tough (AC +1).
You have supernaturally acute eyesight.
Armour fits poorly on your strangely shaped body.
Your system is resistant to poisons.
You cover ground very slowly.
You are partially covered in molten scales (AC +1).
You can exhale a cloud of poison.


Message History

You barely miss the orc.
The orc is severely wounded.
Your fortitude fades away.
* * * LOW HITPOINT WARNING * * *
You feel sick. The worker ant barely misses you.
The orc hits you but does no damage. The gnoll misses you.
The gnoll barely misses you.
The orc priest hits you with a mace of crushing.
* * * LOW HITPOINT WARNING * * *
x2 The worker ant bites you but does no damage.
The gnoll hits you with a whip.
* * * LOW HITPOINT WARNING * * *
The gnoll barely misses you.
You hit the orc.
The orc is almost dead.
* * * LOW HITPOINT WARNING * * *
You feel sick. The orc hits you but does no damage.
The gnoll closely misses you.
The gnoll hits you from afar with a spear.
You die...

.... #(#.......#.## ######
##'##..##...... #....#
#.(.....+...... ##########....#
#...##..#...... ..............#
#(..###.#...... #########.....#
#...# #.#......
..............#####...###.##+####
.#########.......o......#..#.#
.#.....#........@ag.)...##.#.#
.#.###.#.#[#...oggg.....##.#.#
'#.#.....#.÷............##...#
.......#.....................####
.......#.###........##...........
.......#.# #........##...........
.......#.# #........##...........
....÷.##.#####..######...........
......'....# #..# #........###


You could see a worker ant (inner flame), an orc priest (inner flame), 4 gnolls
and an orc (inner flame).

Vanquished Creatures
  Terence (D:3)
  3 adders (D:3)
  A giant mite (D:2)
  A worm (D:3)
  An orc (D:3)
  A ball python (D:1)
  4 bats
  3 giant cockroaches
  5 goblins
  8 hobgoblins
  4 kobolds
  A quokka (D:2)
  2 giant newts
  4 rats
39 creatures vanquished.

Notes
Turn   | Place    | Note
--------------------------------------------------------------
     0 | D:1      | Seneschal, the Naga Assassin, began the quest for the Orb.
     0 | D:1      | Reached XP level 1. HP: 19/19 MP: 1/1
   293 | D:1      | Reached skill level 6 in Stealth
   293 | D:1      | Reached XP level 2. HP: 26/26 MP: 2/2
   752 | D:2      | Reached skill level 1 in Dodging
  1120 | D:2      | Reached XP level 3. HP: 26/33 MP: 3/3
  1803 | D:3      | Noticed Terence
  1811 | D:3      | Killed Terence
  1835 | D:3      | Reached XP level 4. HP: 40/40 MP: 4/4
  1961 | D:3      | Found a sparkling altar of Nemelex Xobeh.
  2246 | D:3      | Gained mutation: You are partially covered in molten scales (AC +1). [potion of mutation]
  2246 | D:3      | Gained mutation: You can exhale a cloud of poison. [potion of mutation]
  2567 | D:3      | HP: 2/42 [gnoll/whip (2)]
  2568 | D:3      | Slain by a gnoll

Action                   |  1- 3 |  4- 6 || total
-------------------------+-------+-------++-------
Melee: Dagger            |    79 |    88 ||   167
Evoke: Deck              |       |     7 ||     7
  Use: Scroll            |     6 |     3 ||     9
       Potion            |       |     5 ||     5
 Stab: Sleeping          |     6 |     3 ||     9
  Eat: Chunk             |     2 |     3 ||     5
